 Dungeon Crawl Stone Soup version 0.28.0-53-g5a82cb258f (webtiles) character file.

Game seed: 950120561772825325

138996 cbfl8 the Severer (level 16, 0/152 HPs)
             Began as a Minotaur Berserker on Aug 23, 2022.
             Was a High Priest of Trog.
             Killed by an exploding bloated husk (44 damage)
             ... on level 1 of the Swamp.
             The game lasted 00:49:56 (34784 turns).

cbfl8 the Severer (Minotaur Berserker)             Turns: 34784, Time: 00:49:56

Health: 0/152      AC: 27    Str: 30    XL:     16   Next: 72%
Magic:  15/15      EV: 21    Int:  4    God:    Trog [*****.]
Gold:   2842       SH: 19    Dex: 29    Spells: 15/15 levels left

rFire   + . .      SeeInvis .   Q - +9 broad axe "Bright Sarcophage" {vorpal, Dex+3}
rCold   x . .      Faith    .   x - +0 tower shield
rNeg    + . .      Spirit   .   F - +2 plate armour {rF+}
rPois   +          Reflect  .   (helmet restricted)
rElec   .          Harm     .   b - +2 cloak {rCorr}
rCorr   +          Rampage  +   f - +1 pair of gloves of the Pits of Slime {Dex+4 Stlth+}
Will    +....                   c - +1 pair of boots {rampage}
Stlth   ..........              y - macabre finger necklace {rN+}
HPRegen 0.35/turn               A - ring "Cehiad" {rPois rCorr EV+4 Dex+4}
MPRegen 0.14/turn               J - ring "Pykhos" {rPois rC- Str+6 Dex+2}
                                L - ring of flight

@: flying
A: horns 2, retaliatory headbutt
a: Renounce Religion, Berserk, Trog's Hand, Brothers in Arms


You were on level 1 of the Swamp.
You worshipped Trog.
Trog was extremely pleased with you.
You visited 5 branches of the dungeon, and saw 27 of its levels.
You visited the Abyss 1 time.
You also visited: Ossuary and Volcano.

You collected 3442 gold pieces.
You spent 600 gold pieces at shops.

Inventory:

Hand Weapons
 C - a +8 battleaxe of flaming
 Q - the +9 broad axe "Bright Sarcophage" (weapon) {vorpal, Dex+3}
   (Trog gifted it to you on level 2 of the Lair of Beasts)

   It inflicts extra damage upon your enemies.
   Dex:       It affects your dexterity (+3).
Missiles
 G - 2 throwing nets
Armour
 b - a +2 cloak of preservation (worn)
 c - a +1 pair of boots of rampaging (worn)
 f - the +1 pair of gloves of the Pits of Slime (worn) {Dex+4 Stlth+}
   (You acquired it on level 7 of the Dungeon)

   Dex:       It affects your dexterity (+4).
   Stlth:     It makes you more stealthy.
 x - a +0 tower shield (worn)
 F - a +2 plate armour of fire resistance (worn)
Jewellery
 r - the amulet of Vitality {Regen+ HP+15}
   (You found it on level 12 of the Dungeon)

   [amulet of regeneration]

   HP:        It affects your health (+15).
   Regen:     It increases your rate of health regeneration.
 y - the macabre finger necklace (around neck) {rN+}
   (You found it on level 7 of the Dungeon)

   [amulet of nothing]

   It enables you to equip an extra ring.
   rN:        It protects you from negative energy.
 A - the ring "Cehiad" (left hand) {rPois rCorr EV+4 Dex+4}
   (You found it on level 7 of the Dungeon)

   [ring of evasion]

   EV:        It affects your evasion (+4).
   Dex:       It affects your dexterity (+4).
   rPois:     It protects you from poison.
   rCorr:     It protects you from acid and corrosion.
 J - the ring "Pykhos" (right hand) {rPois rC- Str+6 Dex+2}
   (You found it on level 10 of the Dungeon)

   [ring of strength]

   Str:       It affects your strength (+6).
   Dex:       It affects your dexterity (+2).
   rC:        It makes you vulnerable to cold.
   rPois:     It protects you from poison.
 L - a ring of flight (on amulet)
Wands
 g - a wand of charming (14)
 s - a wand of digging (2)
 v - a wand of paralysis (1)
 H - a wand of polymorph (5)
Scrolls
 d - a scroll of brand weapon {unknown}
 h - 3 scrolls of enchant weapon
 i - 2 scrolls of immolation
 j - 3 scrolls of fog
 n - 3 scrolls of fear
 o - 5 scrolls of magic mapping
 w - 8 scrolls of noise
 z - a scroll of amnesia {unknown}
 B - 2 scrolls of holy word {unknown}
 D - 4 scrolls of enchant armour
Potions
 a - a potion of invisibility {unknown}
 e - a potion of berserk rage {unknown}
 k - 5 potions of lignification
 l - 2 potions of heal wounds {unknown}
 m - 9 potions of haste {unknown}
 q - 12 potions of curing
 t - 4 potions of magic {unknown}
 u - 3 potions of mutation {unknown}
 E - 3 potions of flight {unknown}
 K - a potion of cancellation {unknown}
 N - a potion of attraction {unknown}
 O - 2 potions of resistance {unknown}
 P - 10 potions of might {unknown}
Miscellaneous
 p - a tin of tremorstones (2/2)
 I - a lightning rod (4/4)


   Skills:
 * Level 16.5 Fighting
 + Level 19.5 Axes
 + Level 14.8 Armour
 * Level 13.6 Dodging
 + Level 2.5 Stealth
 + Level 8.5 Shields
 * Level 11.6 Evocations


You had 15 spell levels left.
You didn't know any spells.
Your spell library was empty.

Dungeon Overview and Level Annotations

Branches:
Dungeon (15/15)            Temple (0/1) D:6            Lair (6/6) D:10
  Swamp (1/4) Lair:4       Spider (3/4) Lair:4          Orc (2/2) D:10
    Elf (0/3) Orc:2        Vaults (0/5) D:14         Depths (0/4) D:15
Ossuary (visited)         Volcano (visited)
  Slime: Lair:5-6

Altars:
Fedhas
Gozag
Qazlal
Beogh

Shops:
D:5 (   Orc:2 [:[[

Annotations:
D:8 2 transporters, Chani's ghost, novice MiFi
D:10 3 runed translucent doors, Flarelocke's ghost, journeyman MiFi
Lair:6 exclusion: 3 oklob plants
Swamp:1 Jorgrun


Innate Abilities, Weirdness & Mutations

You have a pair of horns on your head.
You reflexively headbutt those who attack you in melee.


Message History

The seven-headed hydra closely misses you.
You furiously retaliate!
You headbutt the seven-headed hydra.
The seven-headed hydra bites you but does no damage.
You block the seven-headed hydra's attack.
The seven-headed hydra misses you.
You block the seven-headed hydra's attack.
The seven-headed hydra misses you.
The seven-headed hydra barely misses you.
Aiming: Paralyse
Press: ? - help, Q - select action, (/) - cycle Shift-Dir - straight line, f/p - seven-headed hydra
Aim: a seven-headed hydra (lightly wounded, chance to affect: 39%)
The seven-headed hydra suddenly stops moving!
As you read the scroll of fear, it crumbles to dust.
You assume a fearsome visage.
Jorgrun looks frightened!
The seven-headed hydra looks frightened!
A bloated husk comes into view. x2
Aiming: Iceblast
Press: ? - help, Q - select action, (/) - cycle Shift-Dir - straight line, f/p - seven-headed hydra
Aim: a seven-headed hydra (paralysed, fleeing)
The mass of ice explodes!
The iceblast engulfs the seven-headed hydra!!
The seven-headed hydra is heavily wounded.
Your attack snaps the seven-headed hydra out of its fear.
Aiming: Iceblast
Press: ? - help, Q - select action, (/) - cycle Shift-Dir - straight line, f/p - seven-headed hydra
Aim: a seven-headed hydra (heavily wounded, paralysed)
The mass of ice explodes!
The iceblast engulfs the seven-headed hydra!!!
You kill the seven-headed hydra!
Trog accepts your kill.
The iceblast engulfs the bloated husk!
The bloated husk partially resists.
The bloated husk is heavily damaged.
The now-empty wand crumbles to dust.
The bloated husk explodes!
The blast of putrescent gases engulfs you!!!
* * * LOW HITPOINT WARNING * * *
The blast of putrescent gases engulfs the bloated husk!!
The bloated husk explodes!
The blast of putrescent gases engulfs you!!!
You die...

.♣♣.≈≈≈≈♣ ♣♣♣ ♣♣.≈≈.
♣.).§≈≈.♣♣♣≈♣♣♣♣..≈...
♣♣♣. ♣≈≈≈≈..♣....♣≈≈≈....
♣..≈♣♣......§♣...≈...≈♣
♣.≈≈♣.≈≈≈..♣♣♣♣♣♣..≈♣♣♣♣
≈≈≈...≈≈§..♣♣ ♣♣......≈♣
♣♣..≈≈≈...♣♣♣.≈≈≈.§≈.♣#
♣.≈≈≈.....♣♣≈≈≈≈≈≈≈≈≈.#
♣.≈≈)♣♣♣♣♣♣♣♣@≈≈≈≈≈≈≈.##
♣♣≈.≈.♣ ♣♣.≈≈≈......
♣♣♣♣....♣♣♣♣ ♣.≈≈≈.>...≈
♣≈≈≈<...≈..≈♣ ♣.≈≈†≈≈≈≈≈≈
♣♣....≈...≈.♣♣≈≈.≈≈≈≈§≈§≈≈
♣...≈≈≈....♣♣♣♣..≈≈≈≈≈≈≈≈
♣..≈≈≈≈≈♣♣♣♣ ....≈≈≈≈≈≈≈
...≈≈≈≈♣♣ ...≈...≈≈≈≈§
♣....≈≈≈. ≈≈§.♣..≈.≈≈≈.


There were no monsters in sight!

Vanquished Creatures
  Saint Roka (Orc:2)
  Nikola (Spider:2)
  Agnes (Spider:1)
  Frances (Spider:1)
  An emperor scorpion (Spider:2)
  Louise (D:15)
  2 ghost moths (Spider:2)
  An ironbound preserver (D:14)
  A broodmother (Spider:3)
  Azrael (D:15)
  A very ugly thing (Abyss:3)
  2 entropy weavers (Spider:1)
  A bunyip (Swamp:1)
  2 spark wasps (Spider:1)
  Snorg (D:13)
  An ettin (D:15)
  The ghost of Lutefisk the Unseen, a journeyman VSBr of Ru (Lair:4)
  2 fire dragons
  5 boulder beetles
  12 hydras
  A radroach (Spider:2)
  2 two-headed ogres
  2 jorogumos
  4 centaur warriors
  A vampire mage (Abyss:3)
  11 death yaks
  A hell hog (Volcano)
  A hell knight (D:15)
  An orc high priest (Orc:1)
  2 tengu warriors (D:15)
  A spriggan (Swamp:1)
  2 wretched stars (Abyss:3)
  3 pharaoh ants
  2 large abominations (Abyss:3)
  2 deep trolls (D:12)
  4 orb spiders
  4 steelbarb worms
  A wizard (D:15)
  Pikel (D:9)
  A spectral hydra (Lair:4)
  3 lindwurms
  A necromancer (D:15)
  12 orc knights
  A deep elf pyromancer (D:15)
  A wolf spider (shapeshifter) (D:14)
  A will-o-the-wisp (Abyss:3)
  3 manticores
  6 ugly things
  A moth of wrath (Spider:3)
  7 wolf spiders
  13 slime creatures
  2 oklob plants (Lair:3)
  7 cyclopes
  A guardian serpent (Lair:6)
  A guardian serpent (shapeshifter) (D:14)
  11 black mambas
  3 gargoyles
  A molten gargoyle (Volcano)
  18 cane toads
  6 torpor snails
  2 rime drakes
  An orange demon (Abyss:3)
  6 demonic crawlers
  A kobold demonologist (D:8)
  2 efreet
  A tengu conjurer (D:13)
  2 freezing wraiths (D:14)
  13 komodo dragons
  An ancient zyme (Abyss:3)
  9 meliai
  A polar bear (Lair:6)
  5 trolls
  3 tyrant leeches (Lair:6)
  12 hornets
  15 blink frogs
  2 dream sheep
  13 tarantellas
  Sigmund (D:5)
  7 flying skulls (Abyss:3)
  15 jumping spiders
  12 culicivoras
  37 yaks
  2 fire elementals (D:15)
  17 wyverns
  4 wraiths
  A yak (shapeshifter) (D:15)
  6 fire bats (Volcano)
  18 redbacks
  4 basilisks
  A basilisk (shapeshifter) (D:14)
  4 steam dragons
  10 vampire mosquitoes
  6 wargs
  A hydra simulacrum (Lair:4)
  3 acid dragons
  22 water moccasins
  10 hell hounds
  45 orc warriors
  5 sky beasts
  2 ice beasts
  A hornet zombie (D:6)
  2 black bears (D:7)
  A black mamba simulacrum (Lair:4)
  13 wolves
  5 ogres
  3 phantoms (D:10)
  16 centaurs
  2 lemures (D:9)
  A kobold brigand (D:8)
  10 bullfrogs
  2 gnoll sergeants
  A water moccasin zombie (D:5)
  3 elf zombies (Ossuary)
  A cane toad simulacrum (Lair:4)
  5 scorpions
  A dream sheep simulacrum (Lair:4)
  2 troll zombies (D:10)
  2 wyvern skeletons
  5 killer bees (D:8)
  11 wights
  3 howler monkeys (D:8)
  2 electric eels
  7 lava snakes (Volcano)
  7 centaur zombies
  A bullfrog zombie (D:6)
  15 orc priests
  A bullfrog skeleton (D:5)
  3 hounds
  A jelly (D:7)
  Jessica (D:2)
  A centaur skeleton (D:4)
  Natasha (thrice) (D:3)
  5 iguanas
  27 orc wizards
  A hell rat (Lair:2)
  A killer bee zombie (D:8)
  4 ogre zombies (D:10)
  A hound skeleton (D:4)
  2 howler monkey zombies
  2 mummies (Ossuary)
  Robin (D:2)
  9 gnolls
  5 adders
  2 shadow imps (D:7)
  An ufetubus (Abyss:3)
  A worm (D:4)
  2 dart slugs
  101 orcs
  9 ball pythons
  6 bats
  11 endoplasms
  4 giant cockroaches
  12 goblins
  12 hobgoblins
  8 kobolds
  A quokka (D:4)
  10 frilled lizards
  3 goblin skeletons (D:10)
  2 goblin zombies
  9 hobgoblin zombies
  A jackal zombie (Ossuary)
  8 kobold zombies (Ossuary)
  An orc skeleton (D:10)
  24 orc zombies
  A quokka skeleton (D:4)
  3 rats
  A rat zombie (Ossuary)
930 creatures vanquished.

Vanquished Creatures (collateral kills)
  A very ugly thing (Abyss:3)
  A deep troll (D:12)
  2 slime creatures (D:12)
  A neqoxec (Abyss:3)
  A hell hound (Abyss:3)
  3 starcursed masses (Abyss:3)
9 creatures vanquished.

Vanquished Creatures (others)
  A pharaoh ant (Spider:2)
  A wolf spider (Spider:2)
  2 bloated husks (Swamp:1)
  4 redbacks (Spider:2)
  A foxfire (Abyss:3)
  19 fungi
  41 plants
69 creatures vanquished.

Grand Total: 1008 creatures vanquished

Notes
Turn   | Place    | Note
-------+----------+-------------------------------------------
     0 | D:1      | cbfl8 the Minotaur Berserker began the quest for the Orb.
     0 | D:1      | Reached XP level 1. HP: 19/19 MP: 0/0
   165 | D:1      | Found a faded altar of an unknown god.
   217 | D:1      | Reached XP level 2. HP: 24/27 MP: 1/1
   956 | D:2      | Reached ** piety under Trog
   957 | D:2      | Reached XP level 3. HP: 30/33 MP: 2/2
  1006 | D:2      | Noticed Robin
  1017 | D:2      | Noticed Jessica
  1030 | D:2      | Reached skill level 1 in Evocations
  1030 | D:2      | Killed Robin
  1031 | D:2      | Reached skill level 4 in Axes
  1034 | D:2      | Killed Jessica
  1035 | D:2      | Reached XP level 4. HP: 23/40 MP: 3/3
  2184 | D:3      | Noticed Natasha
  2191 | D:3      | Killed Natasha
  2192 | D:3      | Reached XP level 5. HP: 46/46 MP: 4/4
  2410 | D:3      | Noticed Natasha
  2419 | D:3      | Killed Natasha
  2486 | D:3      | Reached skill level 5 in Axes
  2488 | D:3      | Reached *** piety under Trog
  3092 | D:3      | Noticed Natasha
  3096 | D:3      | Killed Natasha
  3345 | D:4      | Reached XP level 6. HP: 53/53 MP: 5/5
  4134 | D:4      | Reached skill level 6 in Axes
  4134 | D:4      | Reached skill level 5 in Armour
  4134 | D:4      | Reached XP level 7. HP: 52/60 MP: 6/6
  4153 | D:4      | Reached skill level 5 in Fighting
  4630 | D:5      | Entered Level 5 of the Dungeon
  4630 | D:5      | Found Wawkoer's Weapon Shop.
  5005 | D:5      | Reached skill level 7 in Axes
  5006 | D:5      | Reached XP level 8. HP: 70/70 MP: 7/7
  5286 | D:5      | Noticed Sigmund
  5300 | D:5      | Killed Sigmund
  5517 | D:6      | Reached skill level 8 in Axes
  5575 | D:6      | Reached skill level 5 in Dodging
  5575 | D:6      | Reached skill level 1 in Stealth
  5730 | D:6      | Found a staircase to the Ecumenical Temple.
  5999 | D:6      | Reached skill level 9 in Axes
  6182 | D:6      | Reached XP level 9. HP: 67/75 MP: 8/8
  6358 | D:6      | Reached **** piety under Trog
  6657 | D:7      | Found the macabre finger necklace {rN+}
  6784 | D:7      | Identified 2 scrolls of acquirement
  6789 | D:7      | Acquired a +1 pair of boots of rampaging
  6796 | D:7      | Acquired the +1 pair of gloves of the Pits of Slime {Dex+4
                  | Stlth+}
  6983 | D:7      | Reached skill level 10 in Axes
  7218 | D:7      | Noticed a two-headed ogre
  7224 | D:7      | Killed a two-headed ogre
  7225 | D:7      | Reached skill level 5 in Evocations
  7402 | D:7      | Reached XP level 10. HP: 73/86 MP: 9/9
  7728 | D:7      | Identified the ring "Cehiad" {rPois rCorr EV+4 Dex+4}
  8064 | D:8      | Reached skill level 11 in Axes
  8267 | D:8      | Found a sand-covered staircase.
  8273 | Ossuary  | Entered an ossuary
  8298 | Ossuary  | Reached ***** piety under Trog
  8580 | D:8      | Found a transporter.
  8591 | D:8      | Noticed Chani's ghost (novice MiFi)
  8605 | D:8      | Found a transporter.
  8961 | D:9      | Received a gift from Trog
  9124 | D:9      | Noticed Pikel
  9136 | D:9      | Killed Pikel
  9221 | D:9      | Reached skill level 12 in Axes
  9583 | D:10     | Entered Level 10 of the Dungeon
  9657 | D:10     | Found a staircase to the Orcish Mines.
  9847 | D:10     | Identified the ring "Pykhos" {rPois rC- Str+6 Dex+2}
  9866 | D:10     | Found a stormy altar of Qazlal.
  9901 | D:10     | Reached XP level 11. HP: 95/95 MP: 10/10
 10321 | D:10     | Found a staircase to the Lair.
 10535 | D:10     | Found a runed translucent gate.
 10535 | D:10     | Found a runed translucent gate.
 10535 | D:10     | Found a runed translucent gate.
 10538 | D:10     | Noticed Flarelocke's ghost (journeyman MiFi)
 10540 | D:10     | Noticed a 12-headed hydra
 10540 | D:10     | Noticed a ten-headed hydra
 11130 | D:11     | Reached skill level 13 in Axes
 11130 | D:11     | Reached skill level 10 in Armour
 11491 | D:11     | Noticed a four-headed hydra
 11763 | D:11     | Killed a four-headed hydra
 12290 | D:12     | Noticed a deep troll
 12290 | D:12     | Noticed a deep troll
 12362 | D:12     | Noticed a seven-headed hydra
 12367 | D:12     | Killed a seven-headed hydra
 13212 | D:12     | Killed a deep troll
 13213 | D:12     | Reached XP level 12. HP: 106/106 MP: 11/11
 13317 | D:12     | Received a gift from Trog
 13446 | D:12     | Reached skill level 14 in Axes
 13544 | D:12     | Found the amulet of Vitality {Regen+ HP+15}
 13840 | D:13     | Noticed a centaur warrior
 13844 | D:13     | Noticed a two-headed ogre
 13847 | D:13     | Killed a centaur warrior
 13848 | D:13     | Reached skill level 10 in Fighting
 13853 | D:13     | Killed a two-headed ogre
 14080 | D:13     | Noticed a four-headed hydra
 14088 | D:13     | Killed a seven-headed hydra
 14172 | D:13     | Identified the +0 ring mail "Boyssoociu" {rElec rPois Dex+3
                  | Stlth+}
 14227 | D:13     | Noticed Snorg
 14236 | D:13     | Killed Snorg
 14300 | D:13     | Reached skill level 15 in Axes
 14674 | D:14     | Found an opulent altar of Gozag.
 14723 | D:14     | Noticed a centaur warrior
 14733 | D:14     | Killed a centaur warrior
 14875 | D:14     | Noticed an ironbound preserver
 14953 | D:14     | Reached skill level 10 in Dodging
 14953 | D:14     | Reached XP level 13. HP: 115/115 MP: 12/12
 15013 | D:14     | Killed an ironbound preserver
 15063 | D:14     | Found a gate to the Vaults.
 15189 | D:14     | Reached skill level 16 in Axes
 16051 | D:15     | Entered Level 15 of the Dungeon
 16497 | D:15     | Noticed Azrael
 16515 | D:15     | Killed Azrael
 16781 | D:15     | Cast into level 3 of the Abyss (a wizard)
 16839 | Abyss:3  | Found a corrupted altar of Lugonu.
 17019 | Abyss:3  | Noticed a brown very ugly thing
 17028 | Abyss:3  | Killed a brown very ugly thing
 17032 | Abyss:3  | Noticed a brown very ugly thing
 17035 | Abyss:3  | Noticed a starcursed mass
 17038 | Abyss:3  | Killed a brown very ugly thing
 17047 | Abyss:3  | Killed a starcursed mass
 17048 | D:15     | Escaped the Abyss
 17458 | D:15     | Identified the +0 chain mail of Sif Muna's Pride {rF+ Str+3
                  | Stlth+}
 17459 | D:15     | Noticed an ettin
 17466 | D:15     | Noticed Louise
 17472 | D:15     | Killed an ettin
 17478 | D:15     | Killed Louise
 17486 | D:15     | Reached skill level 17 in Axes
 17565 | D:15     | Found a staircase to the Depths.
 18175 | Lair:1   | Entered Level 1 of the Lair of Beasts
 18421 | Lair:1   | Reached XP level 14. HP: 125/125 MP: 13/13
 19148 | Lair:2   | Identified the +9 broad axe "Bright Sarcophage" {vorpal,
                  | Dex+3} (Trog gifted it to you on level 2 of the Lair of
                  | Beasts)
 19148 | Lair:2   | Received a gift from Trog
 20335 | Lair:3   | Found a blossoming altar of Fedhas.
 20658 | Lair:3   | Reached skill level 18 in Axes
 21359 | Lair:4   | Found a staircase to the Swamp.
 21832 | Lair:4   | Found a runed translucent gate.
 21832 | Lair:4   | Found a runed translucent gate.
 21833 | Lair:4   | Found a runed translucent gate.
 21835 | Lair:4   | Noticed Lutefisk's ghost (journeyman VSBr)
 21843 | Lair:4   | Found a hole to the Spider Nest.
 22161 | Lair:4   | Reached skill level 10 in Evocations
 22162 | Lair:4   | Killed Lutefisk's ghost
 23269 | Lair:5   | Reached skill level 1 in Shields
 23871 | Lair:6   | Entered Level 6 of the Lair of Beasts
 23887 | Lair:6   | Reached XP level 15. HP: 136/136 MP: 14/14
 23902 | Lair:6   | Received a gift from Trog
 24472 | Lair:6   | Found a runed translucent door.
 26485 | Orc:1    | Entered Level 1 of the Orcish Mines
 26660 | Orc:1    | You are sucked into a shaft and drop 1 floor!
 26660 | Orc:2    | Entered Level 2 of the Orcish Mines
 26660 | Orc:2    | Found a dark tunnel.
 26667 | Volcano  | Entered a volcano
 27058 | Volcano  | Found a burning altar of Makhleb.
 27951 | Orc:1    | Received a gift from Trog
 27971 | Orc:1    | Reached skill level 5 in Shields
 28272 | Orc:2    | Found a staircase to the Elven Halls.
 28421 | Orc:2    | Found Neilla's Book Shop.
 28421 | Orc:2    | Found Ikesoas's Armour Emporium.
 28560 | Orc:2    | Reached skill level 19 in Axes
 28561 | Orc:2    | Found Wyutam's Armour Shop.
 28561 | Orc:2    | Found Fink's Antique Armour Emporium.
 28866 | Orc:2    | Reached ****** piety under Trog
 28902 | Orc:2    | Noticed Saint Roka
 28919 | Orc:2    | Killed Saint Roka
 28920 | Orc:2    | Reached skill level 15 in Fighting
 29071 | Orc:2    | Received a gift from Trog
 29880 | Orc:2    | Bought a +2 plate armour of fire resistance for 600 gold
                  | pieces
 30109 | Spider:1 | Entered Level 1 of the Spider Nest
 30119 | Spider:1 | Noticed Frances
 30130 | Spider:1 | Killed Frances
 30499 | Spider:1 | Reached XP level 16. HP: 127/149 MP: 15/15
 30916 | Spider:1 | Noticed Agnes
 30924 | Spider:1 | Killed Agnes
 31344 | Spider:2 | Received a gift from Trog
 31815 | Spider:2 | Noticed Nikola
 32516 | Spider:2 | Killed Nikola
 34197 | Spider:3 | Received a gift from Trog
 34727 | Swamp:1  | Entered Level 1 of the Swamp
 34771 | Swamp:1  | Noticed Jorgrun
 34784 | Swamp:1  | Killed by an exploding bloated husk

Illustrated notes

Levels and vault maps discovered:
D:1:      lightli_arrival_quake, layout_basic, basic_ecumenical_altar,
          corexii_leaking_fountain
D:2:      layout_basic, minmay_lizard_pond, uniq_robin, uniq_jessica
D:3:      layout_loops_ring, uniq_natasha
D:4:      layout_loops_ring
D:5:      layout_loops_ring, serial_shops, shop, uniq_sigmund
D:6:      layout_cave_pods, temple_doors_e
D:7:      minmay_skewed_foursquare, layout_basic
D:8:      layout_basic, lightli_ossuary_entry_decrepit_ruins,
          gammafunk_ghost_stat_death
D:9:      layout_big_octagon, uniq_pikel
D:10:     layout_irregular_city, nicolae_overflow_crystal_walls,
          zombieorc1_lemuel, gammafunk_ghost_hydra_chop,
          minmay_misc_feat_hallway
D:11:     layout_long_grid
D:12:     layout_irregular_city, hellmonk_guarded_unrand_vitality_bloodlust
D:13:     layout_roguey, uniq_snorg
D:14:     layout_basic, skrybe_vaults_entry_preservation, grunt_gozag_statues
D:15:     hangedman_depths_entry_civil_slaughter, layout_layer_cave,
          serial_park_avenue1, uniq_azrael, uniq_louise
Lair:1:   layout_small_grid, infiniplex_staircase_pool_2, grunt_megastairs_4,
          lemuel_fruit_fields
Lair:2:   nzn_winding_woodlands_small [nzn_winding_woodlands_5x15_sidewinder,
          nzn_winding_woodlands_center_triple_pond,
          nzn_winding_woodlands_5x15_pockets], layout_chaotic_city,
          small_statue_intersection
Lair:3:   layout_gridlike, chequers_serial_rivers_small_b,
          hangedman_tree_tricks, chequers_serial_rivers_small_b,
          nicolae_quartered_pool_little, grunt_megastairs_3
Lair:4:   layout_gridlike, swamp_mist, spider_nest_entry_web_field,
          gammafunk_ghost_necromancy, infiniplex_staircase_pool
Lair:5:   layout_cave_shapes, hangedman_lair_generics_rect
Lair:6:   hangedman_lair_tendril_chambers, layout_hall_layers, wormcave,
          minmay_slime_entry_oklob_open
Swamp:1:  layout_basic_swamp, evilmike_swamp_ruin_house_6, uniq_jorgrun
Spider:1: layout_spider_delve, nicolae_spider_paper_wasps, uniq_agnes,
          uniq_frances
Spider:2: layout_chambers, nicolae_spider_spiderdrome,
          nicolae_spider_cling_halls, uniq_nikola
Spider:3: layout_spider_delve
Orc:1:    layout_caves, bh_open_orc_temple
Orc:2:    st_orc_town, layout_diamond_mine, enter_volcano_1, uniq_saint_roka

Skill      XL: |  1  2  3  4  5  6  7  8  9 10 11 12 13 14 15 16 |
---------------+-------------------------------------------------+-----
Armour         | 3 4 5 6 8 9 10 11 12 13 14 | 14.8
Fighting       | 4 5 6 7 8 9 10 11 13 15 16 | 16.5
Evocations     | 1 2 3 4 5 6 7 8 9 10 11 | 11.6
Axes           | 4 5 6 7 9 10 12 13 15 17 18 19 | 19.5
Dodging        | 3 4 5 6 7 8 10 11 12 13 | 13.6
Stealth        | 1 2 |  2.5
Shields        | 1 6 8 |  8.5

Action                   |  1- 3 |  4- 6 |  7- 9 | 10-12 | 13-15 | 16-18 || total
-------------------------+-------+-------+-------+-------+-------+-------++-------
Melee: Hand axe          |    91 |   165 |   263 |   574 |       |       ||  1093
       Headbutt          |    11 |    26 |    62 |   173 |   248 |    59 ||   579
       Punch             |       |       |     2 |    11 |     1 |       ||    14
       Battleaxe         |       |       |       |   114 |   308 |       ||   422
       Broad axe         |       |       |       |       |   687 |   248 ||   935
Invok: Berserk           |     1 |     2 |     5 |    11 |    13 |     4 ||    36
       Brothers in Arms  |       |       |       |     1 |     1 |       ||     2
Evoke: Wand              |       |       |       |     7 |     4 |    14 ||    25
       Lightning rod     |       |       |       |     6 |       |       ||     6
  Use: Scroll            |       |       |     6 |     6 |     7 |     8 ||    27
       Potion            |       |       |       |       |     1 |     2 ||     3
 Stab: Distracted        |       |       |       |     1 |       |       ||     1
Armor: Plate armour      |    62 |    95 |   157 |   255 |   328 |    99 ||   996
Dodge: Dodged            |    24 |    62 |    97 |   485 |   605 |   149 ||  1422
Block: Tower shield      |       |       |       |       |   574 |   239 ||   813
